 Dungeon Crawl Stone Soup version 0.30-a0-691-g754fce4c43 (webtiles) character file.

Game seed: 14670986805780946403

5208 Newt the Spear-Bearer (level 10, 0/80 HPs)
             Began as a Demonspawn Gladiator on Jan 18, 2023.
             Was an Initiate of Yredelemnul.
             Slain by a wolf (8 damage)
             ... on level 1 of the Lair of Beasts on Jan 19, 2023.
             The game lasted 00:13:38 (8873 turns).

Newt the Spear-Bearer (Demonspawn Gladiator)        Turns: 8873, Time: 00:13:38

Health: 0/80       AC:  9    Str: 26    XL:     10   Next: 35%
Magic:  8/10       EV: 12    Int: 15    God:    Yredelemnul [......]
Gold:   1600       SH:  5    Dex: 14    Spells: 5/9 levels left

rFire   . . .      SeeInvis .    A - +5 trident
rCold   . . .      Faith    .    e - +0 buckler
rNeg    . . .      Spirit   .    b - +0 leather armour
rPois   .          Reflect  .    f - +1 helmet
rElec   .          Harm     .    t - +0 cloak
rCorr   .          Rampage  .    (no gloves)
Will    .....                    (no boots)
Stlth   ++                       (no amulet)
HPRegen 0.33/turn                n - +6 ring of intelligence
MPRegen 0.12/turn                x - +6 ring of strength

@: about to teleport, very slightly contaminated
A: hooves 2, slimy green scales 2, powered by pain 1, demonic magic 1
a: Renounce Religion, Recall Undead Harvest


You were on level 1 of the Lair of Beasts.
You worshipped Yredelemnul.
Yredelemnul was noncommittal.
You visited 3 branches of the dungeon, and saw 10 of its levels.

You collected 1600 gold pieces.

Inventory:

Hand Weapons
 a - a +1 rapier
 m - a +0 heavy hand axe
 q - a +3 short sword of speed
 A - a +5 trident (weapon)
 B - a +3 spear
Missiles
 d - 2 throwing nets (quivered)
 g - 29 poisoned darts
Armour
 b - a +0 leather armour (worn)
 c - a +0 helmet
 e - a +0 buckler (worn)
 f - a +1 helmet (worn)
 p - a +0 kite shield
 t - a +0 cloak (worn)
 G - a +2 leather armour of fire resistance
Jewellery
 n - a +6 ring of intelligence (left hand)
 r - a ring of protection from cold
 x - a +6 ring of strength (right hand)
Wands
 s - a wand of mindburst (8)
 y - a wand of paralysis (1)
 C - a wand of digging (1)
Potions
 h - 2 potions of degeneration
 i - 2 potions of lignification
 j - a potion of invisibility
 k - 4 potions of curing
 o - a potion of ambrosia
 u - 2 potions of might
 v - 4 potions of flight
 z - a potion of berserk rage {unknown}


   Skills:
 - Level 8.0 Fighting
 - Level 4.0 Short Blades
 + Level 8.7 Polearms
 - Level 1.7 Throwing
 - Level 4.0 Dodging
 - Level 3.0 Stealth
 - Level 6.0 Shields
 - Level 3.0 Summonings


You had 5 spell levels left.
You knew the following spells:

 Your Spells              Type           Power      Damage    Failure   Level
a - Summon Small Mammal   Summ           36%        N/A       12%         1
b - Call Canine Familiar  Summ           9%         N/A       34%         3

Your spell library contained the following spells:

 Spells                   Type           Power      Damage    Failure   Level
 Magic Dart               Conj           0%         1d3       36%         1
 Necrotise                Necr           0%         1d4       36%         1
 Ensorcelled Hibernation  Hex/Ice        0%         N/A       52%         2
 Lesser Beckoning         Tloc           0%         N/A       52%         2
 Passwall                 Tmut/Erth      0%         N/A       52%         2
 Searing Ray              Conj           0%         2d4       52%         2
 Summon Guardian Golem    Hex/Summ       4%         N/A       54%         3
 Gell's Gravitas          Tloc           0%         N/A       75%         3
 Swiftness                Air            0%         N/A       75%         3
 Teleport Other           Tloc           0%         N/A       75%         3
 Vampiric Draining        Necr           0%         2d6       75%         3
 Fulminant Prism          Conj/Hex       0%         3d5       98%         4
 Agony                    Necr           0%         N/A       100%        5
 Conjure Ball Lightning   Conj/Air       0%         3x3d6     100%        6
 Discord                  Hex            0%         N/A       100%        8
 Disjunction              Tloc           0%         N/A       100%        8


Dungeon Overview and Level Annotations

Branches:
Dungeon (8/15)             Temple (1/1) D:5            Lair (1/5) D:8

Altars:
Ashenzari
Cheibriados
Dithmenos
Fedhas
Gozag
Hepliaklqana
Kikubaaqudgha
Makhleb
Nemelex Xobeh
Okawaru
Qazlal
Ru
Sif Muna
Trog
Uskayaw
Vehumet
Wu Jian
Xom
Yredelemnul

Shops:
D:8 *

Annotations:
D:2 Sigmund


Innate Abilities, Weirdness & Mutations

You have hoof-like feet.
You are mostly covered in slimy green scales. (AC +3)
You sometimes gain a little power by taking damage.
Spells you cast may paralyse adjacent enemies.


Message History

You block the wolf's attack. The wolf closely misses you.
The wolf attacks as you move away! You block the wolf's attack.
The wolf attacks as you move away!
The wolf bites you but does no damage. x2
The wolf attacks as you move away! You block the wolf's attack.
Found an escape hatch in the floor.
The wolf barely misses you. The wolf bites you.
* * * LOW HITPOINT WARNING * * *
The wolf misses you.
You barely miss the wolf. You block the wolf's attack.
You miss the wolf. Your kick misses the wolf. The wolf closely misses you.
The wolf bites you.
* * * LOW HITPOINT WARNING * * *
You puncture the wolf! Your kick misses the wolf.
The wolf is heavily wounded.
The wolf bites you.
* * * LOW HITPOINT WARNING * * *
Casting: Call Canine Familiar (dangerous; 34% risk of failure)
Confirm with . or Enter, or press ? or * to list all spells.
You miscast Call Canine Familiar.
You are very lightly contaminated with residual magic.
Nothing appears to happen.
The wolf bites you.
* * * LOW HITPOINT WARNING * * *
The wolf bites you.
* * * LOW HITPOINT WARNING * * *
The wolf barely misses you. You block the wolf's attack.
The wolf attacks as you move away! The wolf completely misses you.
The wolf bites you but does no damage. The wolf attacks as you move away!
The wolf bites you but does no damage. You block the wolf's attack.
The wolf attacks as you move away! The wolf bites you.
* * * LOW HITPOINT WARNING * * *
The wolf barely misses you. The wolf bites you.
* * * LOW HITPOINT WARNING * * *
The wolf closely misses you. x2
As you read the scroll of teleportation, it crumbles to dust.
You feel strangely unstable. The wolf barely misses you.
The wolf closely misses you. The wolf bites you!
You die...
Your body rises from the dead as a mindless zombie.

#......#...<...................
##..#..#.............P........
#..#............#..(.(.(.......
##..P..#..P####..#.......#.##...
##P........## ##..#.........#...
.#P..#..#..#### #.###P.....^.#...
.....##+#...#.###.####.#.....#...
................hh.##..+.....#...
##.#P.###.##....@h.....+.....#...
####............h.....#.........
#.#......#######.#.#hh.......
#......#.# ###.#.h.......
#.#....+.# #..###.##...
#.#......# #...........
#.#......# #P...........
#.P....+.# ##...........
#......#.# #>..#####P#.


You could see 4 wolves.

Vanquished Creatures
  A two-headed ogre (D:8)
  An ugly thing (D:8)
  Grinder (D:5)
  2 yaks (D:8)
  A steam dragon (D:8)
  3 water moccasins
  2 orc warriors
  3 sky beasts
  2 centaurs (D:8)
  An ice beast (D:6)
  3 ogres
  A phantom (D:5)
  5 bullfrogs
  A kobold brigand (D:7)
  A necrophage (D:7)
  4 scorpions
  10 wights (D:7)
  An electric eel (D:7)
  2 hounds
  2 jellies
  3 orc priests
  An iguana (D:5)
  Terence (D:2)
  2 orc wizards
  13 adders
  A shadow imp (D:6)
  A white imp (D:5)
  2 ufetubi (D:4)
  A worm (D:2)
  4 dart slugs
  26 orcs
  8 endoplasms
  2 giant cockroaches
  3 goblins
  3 hobgoblins
  4 quokkas
  5 ball pythons
  3 bats
  3 frilled lizards (D:1)
  22 kobolds
  A rat (D:2)
156 creatures vanquished.

Vanquished Creatures (collateral kills)
  A yak (D:8)
  A sky beast (D:8)
  A kobold brigand (D:6)
  A necrophage (D:5)
  2 wights (D:7)
  An orc priest (D:7)
  An adder (D:2)
  2 orcs (D:8)
  A bat (D:2)
11 creatures vanquished.

Vanquished Creatures (others)
  An ugly thing zombie (D:8)
  A water moccasin zombie (Lair:1)
  A centaur zombie (D:8)
  3 bullfrog zombies (D:7)
  A sky beast zombie (D:8)
  A spectral electric eel (D:7)
  A jelly zombie (D:7)
  7 orc zombies
  An adder zombie (D:6)
  5 kobold zombies (D:7)
  49 plants (D:7)
71 creatures vanquished.

Grand Total: 238 creatures vanquished

Notes
Turn   | Place    | Note
-------+----------+-------------------------------------------
     0 | D:1      | Newt the Demonspawn Gladiator began the quest for the Orb.
     0 | D:1      | Reached XP level 1. HP: 16/16 MP: 1/1
    65 | D:1      | Reached skill level 1 in Stealth
   316 | D:1      | Gained mutation: You are partially covered in slimy green
                  | scales. (AC +2) [demonic ancestry]
   316 | D:1      | Reached XP level 2. HP: 22/22 MP: 2/2
   633 | D:1      | Reached XP level 3. HP: 27/27 MP: 3/3
   865 | D:2      | Learned a level 1 spell: Summon Small Mammal
   921 | D:2      | Reached skill level 1 in Summonings
  1058 | D:2      | Noticed Terence
  1077 | D:2      | Killed Terence
  1078 | D:2      | Gained mutation: Spells you cast may paralyse adjacent
                  | enemies. [demonic ancestry]
  1078 | D:2      | Reached XP level 4. HP: 22/33 MP: 0/4
  1732 | D:2      | Noticed Sigmund
  2312 | D:3      | Reached XP level 5. HP: 31/39 MP: 3/5
  2883 | D:4      | Found an ornate altar of the Wu Jian Council.
  3010 | D:4      | Reached XP level 6. HP: 32/49 MP: 4/6
  3044 | D:4      | Reached skill level 5 in Fighting
  3518 | D:4      | Found a snail-covered altar of Cheibriados.
  3769 | D:4      | You fall into a shaft and drop 2 floors!
  3776 | D:6      | Noticed an ice beast
  3804 | D:6      | Gained mutation: You have large cloven feet. [demonic
                  | ancestry]
  3804 | D:6      | Reached XP level 7. HP: 31/58 MP: 4/7
  3929 | D:5      | Entered Level 5 of the Dungeon
  4182 | D:5      | Reached skill level 1 in Shields
  4183 | D:5      | Noticed Grinder
  4194 | D:5      | Paralysed by Grinder for 2 turns
  4201 | D:5      | Killed Grinder
  4202 | D:5      | Gained mutation: You have hoof-like feet. [demonic
                  | ancestry]
  4202 | D:5      | Reached XP level 8. HP: 35/64 MP: 5/8
  4410 | D:5      | Found a staircase to the Ecumenical Temple.
  4428 | Temple   | Entered the Ecumenical Temple
  4574 | Temple   | Upgraded the game from 0.30-a0-672-gc3a7216ad8 to
                  | 0.30-a0-691-g754fce4c43
  4585 | Temple   | Became a worshipper of Yredelemnul the Dark
  4968 | D:6      | Reached skill level 5 in Shields
  5108 | D:6      | Reached * piety under Yredelemnul
  5808 | D:7      | Gained mutation: You sometimes gain a little power by
                  | taking damage. [demonic ancestry]
  5808 | D:7      | Reached XP level 9. HP: 67/72 MP: 9/9
  5856 | D:7      | Reached skill level 1 in Polearms
  5943 | D:7      | HP: 1/73 [wight/+3 trident (10)]
  6428 | D:7      | Identified the +0 robe of Day {rF+ Str+2 Int+3}
  6816 | D:7      | Found a sparkling altar of Nemelex Xobeh.
  7011 | D:7      | Reached skill level 5 in Polearms
  7303 | D:8      | Learned a level 3 spell: Call Canine Familiar
  7304 | D:8      | Identified a scroll of acquirement
  7304 | D:8      | Acquired 1045 gold pieces
  7400 | D:8      | Found an iron altar of Okawaru.
  7402 | D:8      | Noticed a brown ugly thing
  7420 | D:8      | Killed a brown ugly thing
  7420 | D:8      | Reached ** piety under Yredelemnul
  7544 | D:8      | Found a staircase to the Lair.
  7566 | D:8      | Found a stormy altar of Qazlal.
  7645 | D:8      | Gained mutation: You are mostly covered in slimy green
                  | scales. (AC +3) [demonic ancestry]
  7645 | D:8      | Reached XP level 10. HP: 14/80 MP: 10/10
  7646 | D:8      | HP: 4/80 [yak (10)]
  8249 | D:8      | Found Kirghag's Demolitions Depot.
  8286 | D:8      | Noticed a two-headed ogre
  8295 | D:8      | Killed a two-headed ogre
  8364 | D:8      | Found a shadowy altar of Dithmenos.
  8447 | D:8      | Found a broken altar of Ashenzari.
  8448 | D:8      | Found a shimmering blue altar of Sif Muna.
  8453 | D:8      | Found a hazy altar of Hepliaklqana.
  8744 | Lair:1   | Entered Level 1 of the Lair of Beasts
  8873 | Lair:1   | Slain by a wolf

Illustrated notes

Levels and vault maps discovered:
D:1:      dpeg_arrival_connections, layout_basic
D:2:      layout_loops_ring, minmay_misc_feat_square, nicolae_half_adder,
          uniq_terence, uniq_sigmund
D:3:      layout_basic, minmay_quantized
D:4:      layout_cave_pods, kennysheep_slug_shrine,
          nicolae_wu_jian_wuxing_cycle, nicolae_titane
D:5:      layout_loops_ring, minmay_temple_entry_large_hall, uniq_grinder
D:6:      layout_rooms
D:7:      layout_cave_pools, nemelex_diamond_rough_becter,
          serial_bayou_lagoon_a, chequers_jeans, minmay_misc_feat_rugged,
          kennysheep_generic_room_15
D:8:      layout_basic, mainiacjoe_overflow_cross_hatched, old_standard_altar,
          nicolae_dithmenos_through_a_glass_darkly, minitemple,
          lair_entry_dummy, serial_glass, glass_columns_a, glass_columns_a,
          nicolae_blasting_shop
Temple:   hellmonk_temple_flake
Lair:1:   layout_chaotic_city, nicolae_lair_lakeside_cave, lemuel_fruit_tree

Skill      XL: |  1  2  3  4  5  6  7  8  9 10 |
---------------+-------------------------------+-----
Stealth        | 1 2 3 |  3.0
Summonings     | 2 3 |  3.0
Fighting       | 4 6 7 8 |  8.0
Short Blades   | 4 |  4.0
Dodging        | 4 |  4.0
Shields        | 3 6 |  6.0
Polearms       | 7 8 |  8.7
Throwing       | |  1.7

Action                   |  1- 3 |  4- 6 |  7- 9 | 10-12 || total
-------------------------+-------+-------+-------+-------++-------
Melee: Rapier            |    82 |    82 |       |       ||   164
       Punch             |     1 |       |       |       ||     1
       Short sword       |       |   119 |   146 |       ||   265
       Hand axe          |       |     9 |       |       ||     9
       Kick              |       |       |    77 |     9 ||    86
       Trident           |       |       |   162 |    52 ||   214
Throw: Javelin           |     1 |       |       |       ||     1
       Dart              |       |     1 |       |       ||     1
       Throwing net      |       |       |     4 |       ||     4
 Cast: Summon Small Mamm |     3 |    17 |     9 |     1 ||    30
       Call Canine Famil |       |       |     1 |     1 ||     2
  Use: Scroll            |     3 |     9 |     6 |     1 ||    19
       Potion            |       |       |     2 |     1 ||     3
 Stab: Sleeping          |     7 |     3 |     1 |     1 ||    12
       Paralysed         |       |     9 |     7 |       ||    16
       Distracted        |       |       |     1 |       ||     1
       Held in net/web   |       |       |     1 |       ||     1
Armor: Leather armour    |    19 |    87 |    66 |    17 ||   189
Dodge: Dodged            |    50 |   100 |   114 |    40 ||   304
Block: Buckler           |     5 |    27 |    46 |    16 ||    94

Table legend: (Time is in decaauts)
 A = Elapsed time spent in this place.
 B = Non-inter-level travel time spent in this place.
 C = Inter-level travel time spent in this place.
 D = Time resting spent in this place.
 E = Time spent auto-exploring this place.
 F = Levels seen in this place.
 G = Mean time per level.
                   A        B        C        D        E       F      G
               +--------+--------+--------+--------+--------+-----+--------+
         Total |   8832 |   8519 |    313 |   2286 |   4660 |  10 |  883.2 |
       Dungeon |   8538 |   8246 |    292 |   2286 |   4448 |   8 | 1067.2 |
        Temple |    166 |    146 |     20 |      0 |    133 |   1 |  166.0 |
          Lair |    126 |    126 |      0 |      0 |     79 |   1 |  126.0 |
               +--------+--------+--------+--------+--------+-----+--------+

Top non-repeatable levels by time:
     D:7: 1588 daAuts
     D:8: 1451 daAuts
     D:2: 1221 daAuts
     D:6: 931 daAuts
     D:1: 924 daAuts
     D:4: 897 daAuts
     D:5: 805 daAuts
     D:3: 719 daAuts
  Temple: 166 daAuts
  Lair:1: 126 daAuts
